 Dungeon Crawl Stone Soup version 0.25-a0-1057-gcb8d101 (webtiles) character file.

Game seed: 10042033096018434904, levelgen mode: deterministic

2142 Ceann the Thaumaturge (level 9, 0/61 HPs)
             Began as a Mummy Ice Elementalist on May 13, 2020.
             Was an Initiate of Gozag.
             Slain by a mummy (12 damage)
             ... in an ossuary.
             The game lasted 00:17:15 (5893 turns).

Ceann the Thaumaturge (Mummy Ice Elementalist)      Turns: 5893, Time: 00:17:16

Health: 0/61       AC:  9    Str: 12    XL:     9   Next: 9%
Magic:  14/21      EV:  7    Int: 17    God:    Gozag
Gold:   682        SH:  0    Dex: 12    Spells: 13/24 levels left

rFire    x . .     SeeInvis .   o - +2 dagger (venom)
rCold    + + .     Gourm    .   (no shield)
rNeg     + + +     Faith    .   m - +2 robe {MR+}
rPois    ∞         Spirit   .   g - +2 helmet
rElec    .         Reflect  .   d - +0 cloak
rCorr    +         Harm     .   l - +0 pair of gloves
MR       ++...                  (no boots)
Stlth    ++........             (no amulet)
HPRegen  0.20/turn              e - ring of resist corrosion
MPRegen  0.17/turn              q - ring of protection from cold

@: marked, held
A: no food or potions, fire vulnerability, cold resistance 1, negative energy
resistance 3, torment resistance, unbreathing
a: Potion Petition, Call Merchant, Bribe Branch, Renounce Religion


You were in an ossuary.
You worshipped Gozag.
Gozag was pleased with you.
You were not hungry.

You visited 2 branches of the dungeon, and saw 8 of its levels.
You also visited: Ossuary.

You collected 871 gold pieces.
You paid 189 gold pieces to Gozag.

Inventory:

Hand Weapons
 o - a +2 dagger of venom (weapon)
Armour
 d - a +0 cloak (worn)
 g - a +2 helmet (worn)
 k - a cursed +1 buckler
 l - a +0 pair of gloves (worn)
 m - a +2 robe of magic resistance (worn)
Jewellery
 e - a ring of resist corrosion (left hand)
 n - the amulet "Gohuggur" {Spirit Int+2 SInv}
   (You found it on level 4 of the Dungeon)

   [amulet of guardian spirit]

   It causes incoming damage to be split between your health and magic.
   It affects your intelligence (+2).
   It lets you see invisible.
 q - a ring of protection from cold (right hand)
Wands
 h - a wand of clouds (1)
 i - a wand of random effects (11)
 r - a wand of polymorph (6)
Scrolls
 a - 2 scrolls of random uselessness {unknown}
 b - 2 scrolls of blinking
 c - 4 scrolls of identify
 f - 2 scrolls of amnesia
 j - 3 scrolls of teleportation
 p - a scroll of remove curse
 s - a scroll of enchant armour


   Skills:
 + Level 1.9 Fighting
 + Level 2.1 Short Blades
 + Level 2.7 Dodging
 + Level 2.7 Stealth
 * Level 3.9 Shields
 + Level 8.1 Spellcasting
 + Level 6.8 Ice Magic


You had 13 spell levels left.
You knew the following spells:

 Your Spells              Type           Power        Failure   Level  Hunger
a - Freeze                Ice            ####         1%          1    N/A
b - Vampiric Draining     Necr           #.........   30%         3    N/A
e - Frozen Ramparts       Ice            ####..       1%          3    N/A
o - Summon Ice Beast      Ice/Summ       ###.....     26%         4    N/A

Your spell library contained the following spells:

 Spells                   Type           Power        Failure   Level  Hunger
 Ozocubu's Armour         Chrm/Ice       ###.....     8%          3    N/A
 Animate Skeleton         Necr           N/A          11%         1    N/A
 Magic Dart               Conj           #...         11%         1    N/A
 Pain                     Necr           #...         11%         1    N/A
 Blink                    Tloc           N/A          16%         2    N/A
 Call Imp                 Summ           #.......     16%         2    N/A
 Slow                     Hex            #.......     16%         2    N/A
 Sticks to Snakes         Tmut           #.......     16%         2    N/A
 Hailstorm                Conj/Ice       ###.....     26%         4    N/A
 Conjure Flame            Conj/Fire      #.......     30%         3    N/A
 Mephitic Cloud           Conj/Pois/Air  #.......     30%         3    N/A
 Animate Dead             Necr           N/A          71%         4    N/A
 Agony                    Necr           #.......     96%         5    N/A
 Beastly Appendage        Tmut           Unusable     N/A         1    N/A
 Ice Form                 Ice/Tmut       Unusable     N/A         4    N/A
 Spider Form              Tmut/Pois      Unusable     N/A         3    N/A
 Blade Hands              Tmut           Unusable     N/A         5    N/A

Dungeon Overview and Level Annotations

Branches:
Dungeon (7/15)             Temple (1/1) D:5         Ossuary (1/1)

Altars:
Dithmenos
Gozag
Makhleb
Uskayaw
The Shining One


Innate Abilities, Weirdness & Mutations

You do not eat or drink.
Your flesh is vulnerable to fire.
You are immune to poison.
Your flesh is cold resistant. (rC+)
You are immune to negative energy. (rN+++)
You are immune to unholy pain and torment.
You can survive without breathing.


Message History

The centaur zombie resists.
The wall freezes the centaur zombie.
The mummy resists.
The wall freezes the mummy.
The centaur zombie completely resists.
The wall freezes the centaur zombie but do no damage.
The mummy drops a net on you. A large net falls onto you!
You become entangled in the net!
You see here a throwing net.
You tear a large gash into the net.
The frozen ramparts melt away.
The centaur zombie becomes distracted by the nearby gold, dreaming of imaginary riches.
You struggle against the net.
The mummy hits you!
* * * LOW HITPOINT WARNING * * *
You rip the net and break free!
The mummy drops a net on you. A large net falls onto you!
You become entangled in the net!
You struggle against the net.
The hobgoblin zombie hits you but does no damage.
The mummy hits you.
* * * LOW HITPOINT WARNING * * *
The mummy hits you!
You die...
Your body crumbles into a pile of gold.

############### #####
###.#.#.#.#.#.#.##!?!?##
.§....M..M.○§§.........#
......M^..M...☼M........
...........M§○ZM@.......
..^..^.......☼○Z........
..^^.....^.............#
###.#.#.#.#.#.#.##?!!!##
############### #####


You could see 5 mummies, a hobgoblin zombie and a centaur zombie.

Vanquished Creatures
  A hippogriff (D:7)
  Sigmund (D:3)
  4 sky beasts
  An ogre (D:5)
  A centaur (D:7)
  5 bullfrogs
  2 scorpions (D:6)
  3 howler monkeys (D:7)
  2 centaur zombies (Ossuary)
  Crazy Yiuf (D:3)
  A jelly (D:7)
  A gnoll shaman (D:5)
  An orc priest (D:7)
  5 orc wizards
  Terence (D:3)
  6 worker ants
  A big kobold zombie (Ossuary)
  A hound zombie (D:6)
  2 hound skeletons
  6 adders
  6 gnolls
  2 adder skeletons
  2 worms
  A dart slug (D:3)
  4 leopard geckos
  16 orcs
  A ball python (D:1)
  4 giant cockroaches
  8 goblins
  3 hobgoblins
  8 kobolds
  3 quokkas
  9 bats
  3 frilled lizards
  5 hobgoblin zombies (Ossuary)
  A quokka skeleton (D:5)
  9 rats
131 creatures vanquished.

Notes
Turn   | Place    | Note
-------+----------+-------------------------------------------
     0 | D:1      | Ceann the Mummy Ice Elementalist began the quest for the
                  | Orb.
     0 | D:1      | Reached XP level 1. HP: 13/13 MP: 4/4
   212 | D:1      | Reached XP level 2. HP: 19/19 MP: 1/5
   401 | D:1      | Reached skill level 3 in Spellcasting
   886 | D:2      | Reached XP level 3. HP: 17/24 MP: 3/7
  1279 | D:2      | Learned a level 3 spell: Frozen Ramparts
  1676 | D:3      | Noticed Terence
  1676 | D:3      | Noticed Sigmund
  1698 | D:3      | Noticed a bullfrog
  1700 | D:3      | Reached XP level 4. HP: 30/30 MP: 4/9
  1711 | D:3      | Killed a bullfrog
  1711 | D:3      | Reached skill level 1 in Shields
  1711 | D:3      | Reached skill level 4 in Spellcasting
  1711 | D:3      | Reached XP level 5. HP: 31/35 MP: 0/11
  1894 | D:3      | Killed Sigmund
  1894 | D:3      | Reached skill level 5 in Spellcasting
  1894 | D:3      | Reached XP level 6. HP: 41/41 MP: 7/13
  1969 | D:3      | Killed Terence
  2214 | D:3      | Found a runed translucent door.
  2215 | D:3      | Noticed Crazy Yiuf
  2359 | D:3      | Killed Crazy Yiuf
  2579 | D:4      | Got a clouded iron amulet
  2580 | D:4      | Identified the amulet "Gohuggur" {Spirit Int+2 SInv} (You
                  | found it on level 4 of the Dungeon)
  2917 | D:4      | Reached skill level 5 in Ice Magic
  3586 | D:5      | Entered Level 5 of the Dungeon
  3770 | D:5      | Reached XP level 7. HP: 34/46 MP: 9/15
  4160 | D:5      | Reached skill level 6 in Spellcasting
  4413 | D:5      | Reached skill level 1 in Fighting
  4684 | D:5      | Found a staircase to the Ecumenical Temple.
  4690 | Temple   | Entered the Ecumenical Temple
  4695 | Temple   | Became a worshipper of Gozag Ym Sagoz the Greedy
  4874 | D:5      | Learned a level 3 spell: Vampiric Draining
  4975 | D:6      | Reached XP level 8. HP: 54/54 MP: 14/18
  5044 | D:6      | Reached skill level 7 in Spellcasting
  5384 | D:6      | Found a hide-covered altar of Uskayaw.
  5420 | D:6      | Reached skill level 1 in Short Blades
  5741 | D:7      | Noticed a hippogriff
  5763 | D:7      | Killed a hippogriff
  5763 | D:7      | Reached skill level 8 in Spellcasting
  5763 | D:7      | Reached XP level 9. HP: 21/61 MP: 12/21
  5779 | D:7      | Found a sand-covered staircase.
  5788 | Ossuary  | Entered an ossuary
  5861 | Ossuary  | Learned a level 4 spell: Summon Ice Beast
  5893 | Ossuary  | Slain by a mummy

Illustrated notes

Levels and vault maps discovered:
D:1:      wheals_arrival_shading, layout_basic
D:2:      minmay_skewed_foursquare, layout_rooms, minmay_hedge_maze,
          minivault_23
D:3:      layout_rooms, uniq_crazy_yiuf_cottage, uniq_terence, uniq_sigmund
D:4:      layout_loops_ring, wad_orctagon
D:5:      minmay_polygon_palace, layout_basic, minmay_temple_entry_fiery,
          first_ration
D:6:      layout_loops_cross, basic_altar, minmay_misc_feat_pillars
D:7:      minmay_general_purpose_star, layout_basic,
          chequers_ossuary_entry_cave, kennysheep_okawaru_gauntlet
Temple:   regret_index_temple_chain_breaker
Ossuary:  ossuary_the_hunt_dpeg

Skill      XL: |  1  2  3  4  5  6  7  8 |
---------------+-------------------------+-----
Spellcasting   | 3 4 5 6 8 |  8.1
Ice Magic      | 4 5 6 |  6.8
Shields        | 1 2 3 |  3.9
Stealth        | 2 |  2.7
Dodging        | 2 |  2.7
Fighting       | 1 |  1.9
Short Blades   | 2 |  2.1

Action                   |  1- 3 |  4- 6 |  7- 9 || total
-------------------------+-------+-------+-------++-------
Melee: Unarmed           |     3 |     1 |       ||     4
       Dagger            |       |     7 |   106 ||   113
 Cast: Freeze            |    62 |    23 |    28 ||   113
       Frozen Ramparts   |       |    16 |    31 ||    47
Invok: Potion Petition   |       |       |     1 ||     1
Evoke: Wand              |       |       |     3 ||     3
  Use: Scroll            |       |     6 |     2 ||     8
 Stab: Sleeping          |       |     1 |     1 ||     2
Armor: Robe              |    19 |     8 |    71 ||    98
Dodge: Dodged            |    35 |    25 |   120 ||   180

Table legend:
 A = Non-vault XP
 B = Vault XP
 C = Vault XP percentage of total XP
 D = Non-vault monster count
 E = Vault monster count
 F = Vault count percentage of total count
                 A         B        C        D         E       F
            +---------+---------+-------+---------+---------+-------
      Total |    2296 |     765 |  25.0 |     102 |      29 |  22.1
            +---------+---------+-------+---------+---------+-------
        D:1 |      37 |       0 |   0.0 |      14 |       0 |   0.0
        D:2 |      36 |      21 |  36.8 |      17 |       7 |  29.2
        D:3 |     128 |     290 |  69.4 |      15 |       3 |  16.7
        D:4 |     187 |      12 |   6.0 |      14 |       4 |  22.2
        D:5 |     386 |     314 |  44.9 |      17 |       7 |  29.2
        D:6 |     763 |       0 |   0.0 |      13 |       0 |   0.0
        D:7 |     759 |       0 |   0.0 |      12 |       0 |   0.0
    Ossuary |       0 |     128 | 100.0 |       0 |       8 | 100.0
            +---------+---------+-------+---------+---------+-------
